 Dungeon Crawl Stone Soup version 0.30-a0-469-g84de5afbc5 (webtiles) character file.

Game seed: 5585036890275560346

11 gelatine the Shooter (level 2, -3/22 HPs)
             Began as a Demonspawn Hunter on Dec 20, 2022.
             Engulfed by a cloud of flame (25 damage)
             ... on level 1 of the Dungeon.
             The game lasted 00:01:02 (691 turns).

gelatine the Shooter (Demonspawn Hunter)             Turns: 691, Time: 00:01:03

Health: -3/22      AC:  3    Str: 11    XL:     2   Next: 17%
Magic:  2/2        EV: 12    Int: 10    God:
Gold:   26         SH:  0    Dex: 16    Spells: 1/1 levels left

rFire   . . .      SeeInvis .    a - +0 shortbow
rCold   . . .      Faith    .    (shield currently unavailable)
rNeg    . . .      Spirit   .    c - +0 leather armour
rPois   .          Reflect  .    (no helmet)
rElec   .          Harm     .    (no cloak)
rCorr   .          Rampage  .    (no gloves)
Will    .....                    (no boots)
Stlth   +.........               (no amulet)
HPRegen 0.23/turn                (no ring)
MPRegen 0.08/turn                (no ring)

@: no status effects
A: demonic touch 1
a: no special abilities


You were on level 1 of the Dungeon.
You visited 1 branch of the dungeon, and saw 1 of its levels.

You collected 26 gold pieces.

Inventory:

Hand Weapons
 a - a +0 shortbow (weapon)
Armour
 c - a +0 leather armour (worn)
Scrolls
 b - a scroll of immolation
 d - 2 scrolls of amnesia {unknown}
 f - a scroll of identify {unknown}
 j - a scroll of blinking {unknown}
Potions
 e - a potion of cancellation {unknown}
 g - a potion of might {unknown}
 h - a potion of flight {unknown}
 i - 2 potions of degeneration {unknown}


   Skills:
 + Level 2.0 Fighting
 + Level 4.0 Ranged Weapons
 + Level 1.9 Dodging
 + Level 0.8 Stealth


You had one spell level left.
You didn't know any spells.
Your spell library was empty.

Dungeon Overview and Level Annotations

Branches:
Dungeon (1/15)

Altars:


Innate Abilities, Weirdness & Mutations

Your touch may inflict minor irresistible damage on your foes.


Message History

Your demonic ancestry asserts itself...
Your hands begin to faintly glow with unholy energy.
d - 2 scrolls labelled POETTISTOA (gained 1)
You now have 26 gold pieces.
Found a ring mail.
i - 2 clear potions (gained 1)
Found a robe.
A ball python comes into view.
The ball python hisses angrily.
You shoot an arrow. The arrow hits the ball python!
You kill the ball python!
No target in view!
No target in view!
j - a scroll labelled VEAT SIGAN
Found a stone staircase leading down.
There is a stone staircase leading down here.
You see here 3 stones.
A kobold comes into view. It is wielding a +0 whip.
You shoot an arrow. The arrow hits the kobold.
The kobold shouts!
The kobold is moderately wounded.
The kobold throws a stone.
The stone hits you.
You shoot an arrow. The arrow barely misses the kobold.
You shoot an arrow. The arrow hits the kobold.
The kobold is severely wounded.
You shoot an arrow. The arrow hits the kobold.
You kill the kobold!
HP restored.
Things that are here:
a +0 whip; 4 stones; a kobold corpse
Things that are here:
a +0 whip; 4 stones; a kobold corpse You see here a +0 ring mail.
You see here a +0 ring mail.
Partly explored, can't reach some items and places.
Partly explored, can't reach some items and places.
Really walk into a travel-excluded area?
You are engulfed in blazing flames.
Ouch! That really hurt!
You die...

##.###.# #. ### #.#
#. #.# #. #.#####.
#########.......
#............... # §
#.#######.#####.
#####...#####.# #.#
#. ##.○§§.....☼§@..#
#.# #.
#..☼☼§.$.$.§§○..#
#####.# ##.
#.......$..§§☼.##
#.....# ##..
#.#####...######
#.##### #..# #.# #§☼
#.# #... #)# #§ #.#
##..# #.# # #.# #...#
#.# ### #.# ###.###
#.############.####.#
#......


There were no monsters in sight!

Vanquished Creatures
  A dart slug (D:1)
  2 giant cockroaches (D:1)
  A kobold (D:1)
  A quokka (D:1)
  3 ball pythons (D:1)
  A frilled lizard (D:1)
9 creatures vanquished.

Notes
Turn   | Place    | Note
-------+----------+-------------------------------------------
     0 | D:1      | gelatine the Demonspawn Hunter began the quest for the Orb.
     0 | D:1      | Reached XP level 1. HP: 16/16 MP: 1/1
   351 | D:1      | Reached skill level 4 in Ranged Weapons
   351 | D:1      | Gained mutation: Your touch may inflict minor irresistible
                  | damage on your foes. [demonic ancestry]
   351 | D:1      | Reached XP level 2. HP: 22/22 MP: 2/2
   691 | D:1      | Engulfed by a cloud of flame

Illustrated notes

Levels and vault maps discovered:
D:1:      amcnicky_arrival_single_pillar, layout_loops_ring, grunt_decor_cap,
          minmay_misc_feat_plants, lemuel_flame_loot_1

Skill      XL: |  1 |
---------------+----+-----
Ranged Weapons | 4 |  4.0
Fighting       | |  2.0
Dodging        | |  1.9
Stealth        | |  0.8

Action                   || total
-------------------------++-------
 Fire: Shortbow          ||    20
Dodge: Dodged            ||     2

Table legend: (Time is in decaauts)
 A = Elapsed time spent in this place.
 B = Non-inter-level travel time spent in this place.
 C = Inter-level travel time spent in this place.
 D = Time resting spent in this place.
 E = Time spent auto-exploring this place.
 F = Levels seen in this place.
 G = Mean time per level.
                   A        B        C        D        E       F      G
               +--------+--------+--------+--------+--------+-----+--------+
         Total |    698 |    698 |      0 |      0 |    642 |   1 |  698.0 |
       Dungeon |    698 |    698 |      0 |      0 |    642 |   1 |  698.0 |
               +--------+--------+--------+--------+--------+-----+--------+

Top non-repeatable levels by time:
     D:1: 698 daAuts
